 Dungeon Crawl Stone Soup version bcrawl-1.37.2 (webtiles) character file.

Game seed: 2381856179434669847

502683 foxfromabyss the Covert (level 12, -3/91 HPs)
             Began as a Gnoll Archaeologist on Dec 6, 2022.
             Was a High Priest of Cheibriados.
             Slain by a sphinx (12 damage)
             ... while paralysed by a sphinx
             ... on level 3 of the Lair of Beasts.
             The game lasted 00:08:49 (8711 turns).

foxfromabyss the Covert (Gnoll Archaeologist)       Turns: 8711, Time: 00:08:49

Health: -3/91      AC:  7    Str: 30    XL:     12   Next: 20%
Magic:  22/22      EV:  2    Int: 29    God:    Cheibriados [*****.]
Gold:   472        SH:  0    Dex: 37    Spells: 24/24 levels left

rFire    + + +     GDR:     46% c - +8 scimitar "Wuqar" {flame, Fragile rF+ Dex+8 SInv}
rCold    . . .     SeeInvis +   K - +0 buckler
rNeg     . . .     Gourm    .   u - +1 robe {rF+}
rPois    .         Faith    .   d - +1 hat
rElec    .         Spirit   .   (no cloak)
rCorr    .         Reflect  .   (no gloves)
MR       .....     Clarity  +   m - +2 pair of boots
Stlth    ++++++....             O - amulet of magic regeneration
HPRegen  0.25/turn              x - ring of protection from fire
MPRegen  0.44/turn              I - ring of see invisible

@: paralysed, marked, very slow
A: distributed training, fangs 1, strong nose
a: Bend Time, Defer, Temporal Distortion, Step From Time, Renounce Religion


You were on level 3 of the Lair of Beasts.
You worshipped Cheibriados.
Cheibriados was extremely pleased with you.
You were hungry.

You visited 2 branches of the dungeon, and saw 11 of its levels.
You also visited: Ossuary and Bailey.

You collected 625 gold pieces.
You spent 153 gold pieces at shops.

Inventory:

Hand Weapons
 a - a +0 whip
 b - a +0 blowgun
 c - the +8 scimitar "Wuqar" (weapon) {flame, Fragile rF+ Dex+8 SInv}
   (You bought it in a shop on level 5 of the Dungeon)

   It has been specially enchanted to surge with flame as it hits, increasing
   damage dealt by approximately one third against foes not resistant or
   susceptible to fire.
   Its heat also prevents any hydra heads it cuts off from regrowing.
   It affects your dexterity (+8).
   It protects you from fire.
   It lets you see invisible.
   It will be destroyed if unequipped.
 J - the +8 war axe of Disorder {chop, Dex+3}
   (You took it off an orc warrior on level 7 of the Dungeon)

   It will always inflict at least some extra damage.
   This minimum extra damage increases with your current reserve of magical
   power.
   It affects your dexterity (+3).
Missiles
 f - 66 curare-tipped needles
 v - 91 poisoned needles
 T - 44 poisoned tomahawks (quivered)
Armour
 d - a +1 hat (worn)
 m - a +2 pair of boots (worn)
 u - a +1 robe of fire resistance (worn)
 K - a +0 buckler (worn)
 R - a +2 hat
Jewellery
 x - a ring of protection from fire (left hand)
 y - the ring of Grontol {Fire +Blink}
   (You found it on level 6 of the Dungeon)

   [ring of fire]

   It enhances your fire magic.
   It protects you from fire.
   It makes you vulnerable to cold.
   It lets you blink.
 I - a ring of see invisible (right hand)
 O - an amulet of magic regeneration (around neck)
 V - an uncursed amulet of rage {unknown}
Wands
 h - a wand of iceblast (6)
 C - a wand of flame (25)
 Q - a wand of paralysis (20)
 S - a wand of acid (10)
Scrolls
 g - 2 scrolls of magic mapping
 i - 11 scrolls of identify
 n - 3 scrolls of enchant armour
 o - 4 scrolls of amnesia
 p - 5 scrolls of remove curse
 s - 3 scrolls of blinking
 t - 4 scrolls of enchant weapon {unknown}
 D - a scroll of fog {unknown}
 E - 2 scrolls of teleportation
 L - a scroll of immolation {unknown}
 M - a scroll of silence {unknown}
 N - a scroll of fear {unknown}
Potions
 j - a potion of flight {unknown}
 k - 6 potions of curing
 l - 2 potions of resistance
 q - 4 potions of might {unknown}
 r - a potion of haste {unknown}
 w - 2 potions of ambrosia {unknown}
 z - 2 potions of brilliance {unknown}
 A - 3 potions of lignification
 B - a potion of berserk rage {unknown}
 F - 4 potions of heal wounds {unknown}
 G - 3 potions of cancellation {unknown}
 H - a potion of degeneration {unknown}
 P - a potion of agility {unknown}
 U - a potion of mutation {unknown}
Comestibles
 e - 16 rations {!d}


   Skills:
 + Level 7.4 Fighting
 + Level 6.9 Short Blades
 + Level 6.9 Long Blades
 + Level 6.9 Axes
 + Level 7.4 Maces & Flails
 + Level 6.9 Polearms
 + Level 6.9 Staves
 + Level 6.9 Slings
 + Level 6.9 Bows
 + Level 6.9 Crossbows
 + Level 6.9 Throwing
 + Level 6.9 Armour
 + Level 9.6 Dodging
 + Level 9.6 Stealth
 + Level 6.9 Shields
 + Level 6.9 Unarmed Combat
 + Level 6.9 Spellcasting
 + Level 5.7 Conjurations
 + Level 5.7 Hexes
 + Level 5.7 Charms
 + Level 5.7 Summonings
 + Level 5.7 Necromancy
 + Level 5.7 Translocations
 + Level 5.7 Transmutations
 + Level 5.7 Fire Magic
 + Level 5.7 Ice Magic
 + Level 5.7 Air Magic
 + Level 5.7 Earth Magic
 + Level 5.7 Poison Magic
 + Level 7.6 Invocations
 + Level 6.9 Evocations


You had 24 spell levels left.
You didn't know any spells.
Your spell library contained the following spells:

 Spells                   Type           Power        Failure   Level  Hunger
 Apportation              Tloc           #####.       1%          1    None
 Corona                   Hex            #####..      1%          1    None
 Infusion                 Chrm           #####...     1%          1    None
 Sandblast                Erth           #####.       1%          1    None
 Slow                     Hex            #####...     1%          1    None
 Summon Butterflies       Summ           #####...     1%          1    None


Dungeon Overview and Level Annotations

Branches:
Dungeon (8/12)             Temple (0/1) D:6            Lair (3/6) D:8
  Snake (0/3) Lair:3       Spider (0/3) Lair:2
    Orc: D:8-11

Altars:
Ashenzari
Cheibriados
Dithmenos
Fedhas
Hepliaklqana
Ru
Uskayaw
Vehumet
Wu Jian
Yredelemnul
The Shining One

Shops:
D:5 (

Annotations:
Lair:2 3 runed translucent doors, foxfromabyss's ghost, journeyman TrMA


Innate Abilities, Weirdness & Mutations

Your experience applies equally to all skills.
You have very sharp teeth.
Your uncanny sense of smell can sniff out nearby items.


Message History

A wolf comes into view.
The sphinx casts a spell.
You struggle to resist.
The anaconda skeleton closely misses you.
The anaconda skeleton constricts you.
The sphinx casts a spell.
You suddenly lose the ability to move!
An anaconda skeleton comes into view.
A wolf comes into view.
The anaconda skeleton bites you. The anaconda skeleton constricts you.
The anaconda skeleton bites you! The anaconda skeleton constricts you.
The sphinx hits you!
* * * LOW HITPOINT WARNING * * *
The sphinx hits you.
* * * LOW HITPOINT WARNING * * *
The sphinx hits you.
* * * LOW HITPOINT WARNING * * *
The anaconda skeleton loses its grip on you.
An anaconda skeleton comes into view.
A komodo dragon comes into view.
The sphinx hits you!
You die...

.. ...### ...
..... ....
######...#
....###.#.#....###
..................
........Z.<.......
........#########.
........# ...
.......@# #.##
.....ZhH#.# .8
....##.ZZ.#.>.#
.... #.h#.#8.8#.
... #..#.# .##.#
.. P.h#.. ..
#..#### # #.l. ##


You could see a sphinx, a komodo dragon, 3 wolves and 4 anaconda skeletons.

Vanquished Creatures
  A hydra (Lair:1)
  A two-headed ogre (D:6)
  An unseen horror (D:8)
  Pikel (D:5)
  An elephant (D:8)
  A black mamba (Lair:2)
  5 cane toads
  A jumping spider (Lair:2)
  4 komodo dragons
  A dryad (D:8)
  A hornet (D:8)
  Prince Ribbit (D:5)
  3 blink frogs (Lair:1)
  3 hippogriffs
  Sigmund (D:5)
  A wyvern (Lair:1)
  Eustachio (D:5)
  10 yaks
  Menkaure (D:7)
  2 water moccasins
  7 crocodiles
  Duvessa (D:5)
  5 porcupines
  An ice beast (D:5)
  An orc warrior (D:7)
  2 phantoms
  5 sky beasts
  6 wolves (Lair:1)
  11 bullfrogs
  A kobold brigand (D:6)
  A gnoll sergeant (D:7)
  2 centaurs
  Dowan (D:5)
  A scorpion (D:6)
  A statue (D:8)
  An electric eel (D:8)
  An orc priest (D:7)
  5 crimson imps
  2 quasits
  A bullfrog skeleton (D:4)
  4 hounds
  A jelly (D:6)
  6 worker ants
  2 orc wizards (D:7)
  2 killer bee zombies (Ossuary)
  2 hound zombies
  A hound skeleton (D:4)
  13 mummies (Ossuary)
  A howler monkey zombie (Ossuary)
  3 worker ant zombies (Ossuary)
  8 gnolls (D:7)
  4 adders
  An ooze (D:3)
  3 adder zombies (Ossuary)
  3 adder skeletons
  4 worms
  4 dart slugs
  3 leopard geckos
  12 orcs
  3 bats (D:2)
  4 giant cockroaches
  6 goblins
  4 hobgoblins (D:2)
  15 jackals
  5 kobolds
  A quokka (D:2)
  A frilled lizard (D:2)
  A jackal zombie (D:7)
  4 rats
  A snaplasher vine (D:8)
219 creatures vanquished.

Vanquished Creatures (others)
  A sky beast (D:5)
  3 slaves (D:5)
  A bullfrog skeleton (D:5)
  A worker ant (D:5)
  An orc (D:5)
  A fungus (Lair:3)
  5 plants (Lair:2)
  4 withered plants (Ossuary)
17 creatures vanquished.

Grand Total: 236 creatures vanquished

Notes
Turn   | Place    | Note
-------+----------+-------------------------------------------
     0 | D:1      | foxfromabyss the Gnoll Archaeologist began the quest for
                  | the Orb.
     0 | D:1      | Reached XP level 1. HP: 17/17 MP: 1/1
    68 | D:1      | Reached XP level 2. HP: 23/23 MP: 2/2
   497 | D:1      | Reached XP level 3. HP: 27/28 MP: 3/3
   704 | D:2      | Found a blossoming altar of Fedhas.
   705 | D:2      | Found a snail-covered altar of Cheibriados.
   728 | D:2      | Found a glowing golden altar of the Shining One.
   728 | D:2      | Found a hide-covered altar of Uskayaw.
   728 | D:2      | Found a sacrificial altar of Ru.
   730 | D:2      | Found a radiant altar of Vehumet.
   731 | D:2      | Found a shattered altar of Ashenzari.
   732 | D:2      | Found a hazy altar of Hepliaklqana.
   741 | D:2      | Became a worshipper of Cheibriados the Contemplative
   798 | D:2      | Reached skill level 1 in Invocations
   988 | D:2      | Found a faded altar of an unknown god.
  1000 | D:2      | Noticed a sky beast
  1024 | D:2      | Killed a sky beast
  1025 | D:2      | Reached skill level 1 in Short Blades
  1025 | D:2      | Reached skill level 1 in Long Blades
  1025 | D:2      | Reached skill level 1 in Axes
  1025 | D:2      | Reached skill level 1 in Polearms
  1025 | D:2      | Reached skill level 1 in Staves
  1025 | D:2      | Reached skill level 1 in Slings
  1025 | D:2      | Reached skill level 1 in Bows
  1025 | D:2      | Reached skill level 1 in Crossbows
  1025 | D:2      | Reached skill level 1 in Throwing
  1025 | D:2      | Reached skill level 1 in Armour
  1025 | D:2      | Reached skill level 1 in Shields
  1025 | D:2      | Reached skill level 1 in Unarmed Combat
  1025 | D:2      | Reached skill level 1 in Spellcasting
  1025 | D:2      | Reached skill level 1 in Conjurations
  1025 | D:2      | Reached skill level 1 in Hexes
  1025 | D:2      | Reached skill level 1 in Charms
  1025 | D:2      | Reached skill level 1 in Summonings
  1025 | D:2      | Reached skill level 1 in Necromancy
  1025 | D:2      | Reached skill level 1 in Translocations
  1025 | D:2      | Reached skill level 1 in Transmutations
  1025 | D:2      | Reached skill level 1 in Fire Magic
  1025 | D:2      | Reached skill level 1 in Ice Magic
  1025 | D:2      | Reached skill level 1 in Air Magic
  1025 | D:2      | Reached skill level 1 in Earth Magic
  1025 | D:2      | Reached skill level 1 in Poison Magic
  1025 | D:2      | Reached skill level 1 in Evocations
  1025 | D:2      | Reached XP level 4. HP: 34/34 MP: 4/6
  1025 | D:2      | Reached XP level 5. HP: 40/40 MP: 4/7
  1025 | D:2      | Identified a scroll of acquirement
  1025 | D:2      | Identified the +1 hat "Oveivow" {rElec rPois rCorr Slay-5}
                  | (You acquired it on level 2 of the Dungeon)
  1025 | D:2      | Identified the ring "Harotoad" {*Slow rC+ Dex+5} (You
                  | acquired it on level 2 of the Dungeon)
  1422 | D:3      | Found an ornate altar of the Wu Jian Council.
  1648 | D:3      | Reached * piety under Cheibriados
  1839 | D:3      | Noticed a sky beast
  1846 | D:3      | Killed a sky beast
  1847 | D:3      | Reached XP level 6. HP: 47/47 MP: 8/8
  2328 | D:4      | Noticed a sky beast
  2330 | D:4      | Killed a sky beast
  2331 | D:4      | Reached XP level 7. HP: 52/52 MP: 10/10
  2531 | D:5      | Entered Level 5 of the Dungeon
  2531 | D:5      | Noticed Pikel
  2536 | D:5      | Noticed Prince Ribbit
  2545 | D:5      | Killed Pikel
  2546 | D:5      | Reached XP level 8. HP: 45/60 MP: 10/12
  2551 | D:5      | Killed Prince Ribbit
  2757 | D:5      | Noticed Dowan
  2758 | D:5      | Noticed Duvessa
  2760 | D:5      | Killed Dowan
  2771 | D:5      | Killed Duvessa
  2887 | D:5      | Noticed Eustachio
  2899 | D:5      | Noticed Sigmund
  2901 | D:5      | Killed Eustachio
  2901 | D:5      | Reached ** piety under Cheibriados
  2902 | D:5      | Reached XP level 9. HP: 21/66 MP: 14/14
  3072 | D:5      | Killed Sigmund
  3236 | D:5      | Found Aggoywow's Antique Weapon Boutique.
  3241 | D:5      | Bought a crude scimitar for 153 gold pieces
  3241 | D:5      | Identified the +8 scimitar "Wuqar" {flame, Fragile rF+
                  | Dex+8 SInv} (You bought it in a shop on level 5 of the
                  | Dungeon)
  3731 | D:6      | Got a brightly glowing ivory ring
  3758 | D:6      | Found a staircase to the Ecumenical Temple.
  3787 | D:6      | Noticed a two-headed ogre
  3791 | D:6      | Reached skill level 5 in Fighting
  3791 | D:6      | Reached skill level 5 in Maces & Flails
  3808 | D:6      | Killed a two-headed ogre
  3809 | D:6      | Reached skill level 5 in Invocations
  4347 | D:7      | Identified the ring of Grontol {Fire +Blink} (You found it
                  | on level 6 of the Dungeon)
  4402 | D:7      | Reached XP level 10. HP: 72/74 MP: 17/17
  4430 | D:7      | Reached *** piety under Cheibriados
  4431 | D:7      | Found a flagged portal.
  4445 | Bailey   | Entered a bailey
  4646 | D:7      | Noticed Menkaure
  4673 | D:7      | Reached skill level 5 in Short Blades
  4673 | D:7      | Reached skill level 5 in Long Blades
  4673 | D:7      | Reached skill level 5 in Axes
  4673 | D:7      | Reached skill level 5 in Polearms
  4673 | D:7      | Reached skill level 5 in Staves
  4673 | D:7      | Reached skill level 5 in Slings
  4673 | D:7      | Reached skill level 5 in Bows
  4673 | D:7      | Reached skill level 5 in Crossbows
  4673 | D:7      | Reached skill level 5 in Throwing
  4673 | D:7      | Reached skill level 5 in Armour
  4673 | D:7      | Reached skill level 5 in Shields
  4673 | D:7      | Reached skill level 5 in Unarmed Combat
  4673 | D:7      | Reached skill level 5 in Spellcasting
  4673 | D:7      | Reached skill level 5 in Evocations
  4767 | D:7      | Killed Menkaure
  4776 | D:7      | Found a sand-covered staircase.
  4780 | Ossuary  | Entered an ossuary
  5158 | D:7      | Identified the +8 war axe of Disorder {chop, Dex+3}
  5245 | D:8      | Noticed an elephant
  5454 | D:7      | Reached **** piety under Cheibriados
  5701 | D:7      | Found a shadowy altar of Dithmenos.
  5701 | D:7      | Found a basalt altar of Yredelemnul.
  5985 | D:8      | Killed an elephant
  6062 | D:8      | Noticed an unseen horror
  6091 | D:8      | Killed an unseen horror
  6092 | D:8      | Reached XP level 11. HP: 55/82 MP: 19/19
  6253 | D:8      | Found a staircase to the Lair.
  6430 | Lair:1   | Entered Level 1 of the Lair of Beasts
  6504 | Lair:1   | Reached skill level 5 in Conjurations
  6504 | Lair:1   | Reached skill level 5 in Hexes
  6504 | Lair:1   | Reached skill level 5 in Charms
  6504 | Lair:1   | Reached skill level 5 in Summonings
  6504 | Lair:1   | Reached skill level 5 in Necromancy
  6504 | Lair:1   | Reached skill level 5 in Translocations
  6504 | Lair:1   | Reached skill level 5 in Transmutations
  6504 | Lair:1   | Reached skill level 5 in Fire Magic
  6504 | Lair:1   | Reached skill level 5 in Ice Magic
  6504 | Lair:1   | Reached skill level 5 in Air Magic
  6504 | Lair:1   | Reached skill level 5 in Earth Magic
  6504 | Lair:1   | Reached skill level 5 in Poison Magic
  6649 | Lair:1   | Reached ***** piety under Cheibriados
  7061 | Lair:1   | Noticed an eight-headed hydra
  7070 | Lair:1   | Killed a five-headed hydra
  7522 | Lair:2   | Found a runed translucent gate.
  7522 | Lair:2   | Found a runed translucent gate.
  7522 | Lair:2   | Found a runed translucent gate.
  7523 | Lair:2   | Noticed a ten-headed hydra
  7528 | Lair:2   | Noticed foxfromabyss's ghost (journeyman TrMA)
  7529 | Lair:2   | Noticed a 12-headed hydra
  7776 | Lair:2   | Found a hole to the Spider Nest.
  7785 | Lair:2   | Reached XP level 12. HP: 91/91 MP: 22/22
  8698 | Lair:3   | Found a staircase to the Snake Pit.
  8698 | Lair:3   | Noticed a sphinx
  8709 | Lair:3   | Paralysed by a sphinx for 3 turns
  8711 | Lair:3   | Slain by a sphinx

Skill      XL: |  1  2  3  4  5  6  7  8  9 10 11 |
---------------+----------------------------------+-----
Invocations    | 1 2 3 4 5 6 7 |  7.6
Short Blades   | 1 2 3 4 5 6 |  6.9
Long Blades    | 1 2 3 4 5 6 |  6.9
Axes           | 1 2 3 4 5 6 |  6.9
Polearms       | 1 2 3 4 5 6 |  6.9
Staves         | 1 2 3 4 5 6 |  6.9
Slings         | 1 2 3 4 5 6 |  6.9
Bows           | 1 2 3 4 5 6 |  6.9
Crossbows      | 1 2 3 4 5 6 |  6.9
Throwing       | 1 2 3 4 5 6 |  6.9
Armour         | 1 2 3 4 5 6 |  6.9
Shields        | 1 2 3 4 5 6 |  6.9
Unarmed Combat | 1 2 3 4 5 6 |  6.9
Spellcasting   | 1 2 3 4 5 6 |  6.9
Conjurations   | 1 2 3 4 5 |  5.7
Hexes          | 1 2 3 4 5 |  5.7
Charms         | 1 2 3 4 5 |  5.7
Summonings     | 1 2 3 4 5 |  5.7
Necromancy     | 1 2 3 4 5 |  5.7
Translocations | 1 2 3 4 5 |  5.7
Transmutations | 1 2 3 4 5 |  5.7
Fire Magic     | 1 2 3 4 5 |  5.7
Ice Magic      | 1 2 3 4 5 |  5.7
Air Magic      | 1 2 3 4 5 |  5.7
Earth Magic    | 1 2 3 4 5 |  5.7
Poison Magic   | 1 2 3 4 5 |  5.7
Evocations     | 1 2 3 4 5 6 |  6.9
Fighting       | 3 4 5 6 7 |  7.4
Maces & Flails | 3 4 5 6 7 |  7.4
Dodging        | 7 8 9 |  9.6
Stealth        | 7 8 9 |  9.6

Action                   |  1- 3 |  4- 6 |  7- 9 | 10-12 || total
-------------------------+-------+-------+-------+-------++-------
Melee: Whip              |   116 |       |       |       ||   116
       Bite              |     8 |     3 |    11 |    52 ||    74
       Glaive            |       |    59 |    57 |       ||   116
       Scimitar          |       |       |    40 |   326 ||   366
       Punch             |       |       |     1 |     2 ||     3
 Fire: Blowgun           |     4 |       |       |       ||     4
Throw: Tomahawk          |       |       |       |     1 ||     1
  Use: Scroll            |       |     1 |     8 |       ||     9
       Potion            |       |       |       |     2 ||     2
 Stab: Sleeping          |     9 |    13 |     6 |    19 ||    47
       Distracted        |       |     1 |     2 |     2 ||     5
  Eat: Chunk             |     4 |     5 |     5 |    16 ||    30
       Ration            |       |       |     1 |     1 ||     2
Armor: Robe              |    40 |    12 |    19 |    27 ||    98
       Skin              |       |       |       |     6 ||     6
Dodge: Dodged            |   115 |    25 |   136 |   318 ||   594
Block: Other             |       |       |     5 |    18 ||    23
       Buckler           |       |       |       |   131 ||   131
